 Dungeon Crawl Stone Soup version 0.26.1-11-gd32895ea62 (webtiles) character file.

Game seed: 6805353591182747479

119 Almogavar the Covered (level 5, 0/42 HPs)
             Began as a Barachi Fighter on May 25, 2021.
             Slain by Duvessa
             ... wielding a +0 short sword
              (6 damage)
             ... on level 4 of the Dungeon.
             The game lasted 00:06:45 (2742 turns).

Almogavar the Covered (Barachi Fighter)             Turns: 2742, Time: 00:06:46

Health: 0/42       AC: 11    Str: 18    XL:     5   Next: 3%
Magic:  5/5        EV:  7    Int:  8    God:
Gold:   228        SH:  9    Dex: 12    Spells: 4/4 levels left

rFire    . . .     SeeInvis .   a - +0 long sword
rCold    . . .     Faith    .   c - +0 kite shield
rNeg     . . .     Spirit   .   b - +0 scale mail
rPois    .         Reflect  .   (no helmet)
rElec    .         Harm     .   (no cloak)
rCorr    .         Rampage  .   q - +2 pair of gloves
Will     .....                  k - +0 pair of boots
Stlth    ..........             (no amulet)
HPRegen  0.14/turn              (no ring)
MPRegen  0.09/turn              (no ring)

@: mighty, slow
A: +LOS, swims, slowness 1, strong legs 1
a: Hop


You were on level 4 of the Dungeon.
You visited 1 branch of the dungeon, and saw 4 of its levels.

You collected 228 gold pieces.

Inventory:

Hand Weapons
 a - a +0 long sword (weapon)
Missiles
 j - 46 bolts
 o - 14 poisoned darts
Armour
 b - a +0 scale mail (worn)
 c - a +0 kite shield (worn)
 f - a +0 chain mail
 k - a +0 pair of boots (worn)
 q - a +2 pair of gloves (worn)
Scrolls
 e - a scroll of fear
 g - 2 scrolls of remove curse
 h - a scroll of blinking
 l - 2 scrolls of fog {unknown}
 p - 3 scrolls of teleportation {unknown}
 s - a scroll of immolation {unknown}
Potions
 i - a potion of curing
 m - a potion of brilliance {unknown}
 n - a potion of heal wounds {unknown}
 r - a potion of lignification {unknown}
 t - a potion of degeneration {unknown}


   Skills:
 + Level 4.3 Fighting
 + Level 3.7 Long Blades
 + Level 4.6 Armour
 + Level 0.8 Dodging
 + Level 4.1 Shields


You had 4 spell levels left.
You didn't know any spells.
Your spell library was empty.

Dungeon Overview and Level Annotations

Branches:
Dungeon (4/15)
 Temple: D:4-7

Altars:

Annotations:
D:3 1 runed translucent door, mahan's ghost, amateur MiBe
D:4 Dowan; Duvessa


Innate Abilities, Weirdness & Mutations

You can be seen from farther away. (+LOS)
You can swim through water.
You cover ground slowly.
You can hop short distances.


Message History

Duvessa hits you but does no damage. x2
Dowan casts a spell.
Dowan blinks!
You hit Duvessa.
Duvessa is moderately wounded.
Duvessa zaps a wand.
The puff of flame hits you.
* * * LOW HITPOINT WARNING * * *
Duvessa completely misses you.
You slash Duvessa!
Duvessa is severely wounded.
Duvessa hits you but does no damage.
Duvessa zaps a wand.
The puff of flame hits you.
* * * LOW HITPOINT WARNING * * *
You barely miss Duvessa.
Duvessa is severely wounded.
You block Duvessa's attack. Duvessa barely misses you.
You barely miss Duvessa.
Duvessa is severely wounded.
Duvessa hits you with a +0 short sword.
You die...

*,,,,,,........)....#.#,******,,,
*,****##.#######....#,*,,,,,**,,,
*,*****#,***####.#..#,*,,,,,**,,,
,,,,,,,,,,,,#....#..#,*,,,,,**,,,
*,******,*,*#....#,.#,*,******,,,
*,* *,,,*#...e#,.#,*,* *,,,
*,**********####S#,,#,*,* *,,,
*,,,,,,,,,,* #e#,,*,*,* *,,,
**********,* #@#,,*,*,* **** *
*,* #8.#,,*8,* * *,* ###..,,*,* *
*,* *,....*,* * *,* *,,...#,* *
*,* *,,..##,********* * *,*
***,∩.#*,,,,,,,,,, * *,*
*8,*,##8********** * *,*
*********


You could see Duvessa (fast, resistant), Dowan and an adder.

Vanquished Creatures
  6 adders
  3 dart slugs
  A leopard gecko (D:4)
  3 orcs
  2 ball pythons
  6 giant cockroaches
  7 goblins
  8 hobgoblins
  2 kobolds (D:1)
  A quokka (D:2)
  6 bats
  2 frilled lizards (D:2)
  8 rats
55 creatures vanquished.

Notes
Turn   | Place    | Note
-------+----------+-------------------------------------------
     0 | D:1      | Almogavar the Barachi Fighter began the quest for the Orb.
     0 | D:1      | Reached XP level 1. HP: 18/18 MP: 1/1
   286 | D:1      | Reached XP level 2. HP: 17/25 MP: 2/2
   796 | D:2      | Reached XP level 3. HP: 30/30 MP: 3/3
  1068 | D:2      | Reached XP level 4. HP: 5/37 MP: 4/4
  2032 | D:3      | Found a runed translucent door.
  2051 | D:3      | Noticed mahan's ghost (amateur MiBe)
  2699 | D:4      | Reached XP level 5. HP: 42/42 MP: 5/5
  2722 | D:4      | Noticed Dowan
  2722 | D:4      | Noticed Duvessa
  2742 | D:4      | Slain by Duvessa

Illustrated notes

Levels and vault maps discovered:
D:1:      enne_arrival_octagon_isle, layout_loops_ring
D:2:      layout_loops_ring, serial_glass, glass_columns_a, glass_columns_a,
          glass_columns_c, glass_columns_a, glass_columns_a, glass_columns_b,
          glass_columns_b, glass_columns_a
D:3:      layout_basic, ebering_ghost_sewer_d
D:4:      layout_basic, lightli_ossuary_entry_decrepit_ruins, serial_shops,
          shop, uniq_menkaure, uniq_duvessa, uniq_edmund

Skill      XL: |  1  2  3  4 |
---------------+-------------+-----
Fighting       | 4 |  4.3
Armour         | 4 |  4.6
Long Blades    | 3 |  3.7
Shields        | 4 |  4.1
Dodging        | |  0.8

Action                   |  1- 3 |  4- 6 || total
-------------------------+-------+-------++-------
Melee: Long sword        |   115 |    89 ||   204
  Use: Scroll            |     4 |     3 ||     7
       Potion            |       |     2 ||     2
Armor: Scale mail        |    55 |    56 ||   111
Dodge: Dodged            |    30 |    36 ||    66
Block: Kite shield       |    58 |    54 ||   112
       Rpst.: Long sword |    13 |    11 ||    24
